 Dungeon Crawl Stone Soup version 0.22-a0-240-g539252a (webtiles) character file.

3635 b5mith the Blocker (level 9, -6/81 HPs)
             Began as a Minotaur Berserker on Feb 21, 2018.
             Was a High Priest of Trog.
             Mangled by a ten-headed hydra (7 damage)
             ... on level 8 of the Dungeon.
             The game lasted 00:27:24 (8176 turns).

b5mith the Blocker (Minotaur Berserker)             Turns: 8176, Time: 00:27:25

Health: -6/81      AC:  7    Str: 25    XL:     9   Next: 87%
Magic:  0/8        EV: 14    Int:  4    God:    Trog [*****.]
Gold:   336        SH: 13    Dex: 13    Spells: 8/8 levels left

rFire    x . .     SeeInvis +   a - +1 falchion
rCold    + . .     Gourm    .   s - +1 shield
rNeg     . . .     Faith    .   K - +2 robe "Ekebuef" {rPois Dex+3 SInv}
rPois    +         Spirit   +   (helmet restricted)
rElec    .         Reflect  .   J - +0 cloak
rCorr    +         Harm     .   y - +0 pair of gloves
MR       .....                  (no boots)
Stlth    +.........             L - amulet of guardian spirit
HPRegen  0.23/turn              z - ring of resist corrosion
MPRegen  0.11/turn              t - ring of ice

@: berserk cooldown, slowed, very slow
A: retaliatory headbutt, horns 2
a: Berserk, Trog's Hand, Brothers in Arms, Renounce Religion


You were on level 8 of the Dungeon.
You worshipped Trog.
Trog was extremely pleased with you.
You were not hungry.

You visited 1 branch of the dungeon, and saw 8 of its levels.

You collected 692 gold pieces.
You spent 356 gold pieces at shops.

Inventory:

Hand Weapons
 a - a +1 falchion (weapon)
 w - a +0 vampiric falchion
Missiles
 f - 436 stones (quivered)
 u - 11 tomahawks
 F - 5 silver tomahawks
Armour
 b - a +0 animal skin
 s - a +1 shield (worn)
 x - a +0 ring mail of cold resistance
 y - a +0 pair of gloves (worn)
 J - a +0 cloak (worn)
 K - the +2 robe "Ekebuef" (worn) {rPois Dex+3 SInv}
   (You bought it in a shop on level 6 of the Dungeon)

   It affects your dexterity (+3).
   It protects you from poison.
   It lets you see invisible.
Jewellery
 k - an uncursed ring of flight
 t - a ring of ice (right hand)
 z - a ring of resist corrosion (left hand)
 L - an amulet of guardian spirit (around neck)
Wands
 E - a wand of paralysis (10)
 N - a wand of flame (19)
 O - a wand of iceblast (8)
Scrolls
 e - 4 scrolls of enchant armour
 h - 4 scrolls of remove curse {@r2}
 i - 5 scrolls of immolation
 l - a scroll of random uselessness {unknown}
 m - 2 scrolls of amnesia
 p - 3 scrolls of teleportation
 q - 2 scrolls of fog
 v - 2 scrolls of enchant weapon
 A - a scroll of identify {@r1}
 B - a scroll of noise {unknown}
 D - 2 scrolls of blinking
 H - a scroll of fear {unknown}
Potions
 d - 5 potions of curing {@q1}
 g - 2 potions of flight
 j - 3 potions of heal wounds
 n - a potion of degeneration {unknown}
 o - a potion of haste {unknown}
 r - a potion of magic {unknown}
 C - 2 potions of brilliance
 G - 3 potions of mutation
 I - a potion of might
 M - 2 potions of resistance
Comestibles
 c - 9 rations


   Skills:
 + Level 8.2 Fighting
 + Level 8.2 Long Blades
 + Level 7.7 Armour
 + Level 7.0 Dodging
 * Level 8.5 Shields


You had 8 spell levels left.
You didn't know any spells.

Dungeon Overview and Level Annotations

Branches:
Dungeon (8/15)             Temple (0/1) D:5
   Lair: D:8-11

Altars:
Hepliaklqana
Nemelex Xobeh
Uskayaw
The Shining One

Shops:
D:6 [


Innate Abilities, Weirdness & Mutations

You reflexively headbutt those who attack you in melee.
You have a pair of horns on your head.


Message History

The ten-headed hydra bites you.
* * * LOW HITPOINT WARNING * * *
The ten-headed hydra bites you!
* * * LOW HITPOINT WARNING * * *
The ten-headed hydra bites you but does no damage.
You block the ten-headed hydra's attack.
The ten-headed hydra bites you.
* * * LOW HITPOINT WARNING * * *
You feel a strong urge to attack something.
You feel your anger nearly subside.
You are no longer berserk.
You are exhausted.
You feel yourself slow down. The ten-headed hydra barely misses you.
The ten-headed hydra misses you. The ten-headed hydra bites you!
* * * LOW HITPOINT WARNING * * *
The ten-headed hydra bites you.
* * * LOW HITPOINT WARNING * * *
You block the ten-headed hydra's attack.
The ten-headed hydra bites you!
You die...

#########
#...#...###
# #.
#..#.DD# ##
#.# #...#@#
#.
##.###.##.#
..
####(###.#.#
#.
#ooD#.##D#.#
##
#)Zy##D..#.#
##.y######.#
### #.# #.#
## #.# ###.


You could see a ten-headed hydra and a six-headed hydra.

Vanquished Creatures
  A cyclops (D:8)
  A hippogriff (D:8)
  The ghost of ultrashaft the Digger, an amateur GrEE (D:4)
  Menkaure (D:7)
  The ghost of MatthieuS the Gusty, an amateur TeAE (D:3)
  A water moccasin (D:8)
  2 orc warriors
  2 sky beasts
  2 ogres
  A black bear (D:8)
  2 ice beasts
  3 centaurs
  A big kobold (D:7)
  A bullfrog (D:6)
  A water moccasin zombie (D:7)
  3 scorpions
  6 howler monkeys
  2 crimson imps
  2 quasits
  4 orc priests
  A centaur skeleton (D:6)
  2 hounds
  An iguana (D:7)
  7 orc wizards
  Crazy Yiuf (D:6)
  5 worker ants
  A howler monkey zombie (D:8)
  12 adders
  3 oozes
  An adder skeleton (D:5)
  7 worms
  A dart slug (D:4)
  5 leopard geckos
  25 orcs
  10 bats
  5 giant cockroaches
  9 goblins
  4 hobgoblins
  9 jackals
  6 quokkas
  4 ball pythons
  3 frilled lizards
  13 kobolds
  A leopard gecko skeleton (D:7)
  3 quokka skeletons
  A quokka zombie (D:5)
  13 rats
191 creatures vanquished.

Notes
Turn   | Place    | Note
-------+----------+-------------------------------------------
     0 | D:1      | b5mith the Minotaur Berserker began the quest for the Orb.
     0 | D:1      | Reached XP level 1. HP: 19/19 MP: 0/0
   143 | D:1      | Reached XP level 2. HP: 27/27 MP: 1/1
   886 | D:2      | Reached XP level 3. HP: 32/33 MP: 2/2
   999 | D:2      | Reached ** piety under Trog
   999 | D:2      | Reached XP level 4. HP: 31/41 MP: 3/3
  1052 | D:2      | Reached XP level 5. HP: 24/47 MP: 4/4
  1500 | D:2      | Found a sparkling altar of Nemelex Xobeh.
  1504 | D:2      | Found a glowing golden altar of the Shining One.
  2023 | D:3      | Reached skill level 5 in Fighting
  2150 | D:3      | Reached *** piety under Trog
  2340 | D:3      | Reached skill level 5 in Long Blades
  2347 | D:3      | Reached XP level 6. HP: 17/56 MP: 5/5
  2864 | D:3      | Noticed MatthieuS's ghost (amateur TeAE)
  2877 | D:3      | Killed MatthieuS's ghost
  3122 | D:4      | Found a sand-covered staircase.
  3219 | D:4      | Reached skill level 1 in Shields
  3475 | D:4      | Noticed ultrashaft's ghost (amateur GrEE)
  3484 | D:4      | Killed ultrashaft's ghost
  3484 | D:4      | Reached skill level 5 in Armour
  3484 | D:4      | Reached XP level 7. HP: 62/62 MP: 6/6
  3973 | D:4      | Reached **** piety under Trog
  4032 | D:5      | Entered Level 5 of the Dungeon
  4126 | D:5      | Found a hide-covered altar of Uskayaw.
  4189 | D:5      | Reached skill level 5 in Dodging
  4410 | D:5      | Reached XP level 8. HP: 64/71 MP: 7/7
  4448 | D:5      | Received a gift from Trog
  4834 | D:5      | Found a staircase to the Ecumenical Temple.
  4984 | D:5      | Found a hide-covered altar of Uskayaw.
  5083 | D:5      | Reached skill level 5 in Shields
  5378 | D:6      | Found Vaumnis's Armour Emporium.
  5381 | D:6      | Bought the +2 robe "Ekebuef" {rPois Dex+3 SInv} for 356 gold pieces
  5520 | D:6      | Found a runed door.
  5677 | D:6      | Noticed Crazy Yiuf
  5683 | D:6      | Killed Crazy Yiuf
  5944 | D:7      | Found a hazy altar of Hepliaklqana.
  6214 | D:7      | Reached XP level 9. HP: 37/79 MP: 8/8
  6666 | D:7      | Noticed Menkaure
  6679 | D:7      | Killed Menkaure
  7373 | D:8      | Reached ***** piety under Trog
  8147 | D:8      | Found a runed door.
  8147 | D:8      | Noticed an orc knight
  8147 | D:8      | Noticed a cyclops
  8149 | D:8      | Noticed an orc knight
  8149 | D:8      | Noticed an eight-headed hydra
  8149 | D:8      | Noticed a six-headed hydra
  8149 | D:8      | Noticed a meliai
  8163 | D:8      | Killed a cyclops
  8176 | D:8      | HP: 3/81 [ten-headed hydra (9)]
  8176 | D:8      | HP: 1/81 [ten-headed hydra (2)]
  8176 | D:8      | Mangled by a ten-headed hydra

Vault maps used:
D:1:      lightli_arrival_statuegarden, hangedman_abyss_or_decor_lesser_grid
D:2:      minmay_diamond_boxcup, minitemple, first_ration
D:3:      kb_forest_paths
D:4:      nicolae_ossuary_entry_plus, portal_sewer_entry_e
D:5:      eat_drink_and_be_merry_uskayaw, minmay_temple_entry_enclosed_plants,
          kennysheep_flooded_box
D:6:      serial_shops, kennysheep_mini_moat, uniq_crazy_yiuf_cottage
D:7:      overflow_temple_1_default, hangedman_decor_clover_reticule,
          uniq_menkaure
D:8:      minmay_gate_of_8

Skill      XL: |  1  2  3  4  5  6  7  8  9 |
---------------+----------------------------+-----
Fighting       | 4 5 6 7 8 |  8.2
Long Blades    | 4 5 6 7 8 |  8.2
Armour         | 3 4 5 6 7 |  7.7
Dodging        | 3 4 5 6 7 |  7.0
Shields        | 2 4 6 8 |  8.5

Action                   |  1- 3 |  4- 6 |  7- 9 || total
-------------------------+-------+-------+-------++-------
Melee: Falchion          |    54 |   160 |   332 ||   546
       Headbutt          |     9 |    33 |    87 ||   129
Throw: Stone             |     5 |    11 |    42 ||    58
Invok: Berserk           |       |     2 |     3 ||     5
Evoke: Wand              |       |       |     1 ||     1
  Use: Scroll            |     1 |     1 |    12 ||    14
       Potion            |     1 |       |     3 ||     4
 Stab: Paralysed         |       |       |     2 ||     2
       Invisible         |       |       |     3 ||     3
  Eat: Chunk             |       |     6 |     5 ||    11
       Ration            |       |     1 |     4 ||     5
Armor: Animal skin       |    13 |    10 |       ||    23
       Ring mail         |       |    11 |    52 ||    63
       Robe              |       |       |    47 ||    47
Dodge: Dodged            |    37 |    86 |   148 ||   271
Block: Shield            |       |    26 |   175 ||   201
       Rpst.: Falchion   |    13 |    23 |    27 ||    63

Table legend:
 A = Spawn XP
 B = Non-spawn XP
 C = Spawn XP percentage of total XP
 D = Spawn monster count
 E = Non-spawn monster count
 F = Spawn count percentage of total count
 G = Total turns spent on level
                    A         B        C        D         E        F      G
               +---------+---------+-------+---------+---------+-------+---------
         Total |       0 |    5193 |   0.0 |       0 |     191 |   0.0 |  8176
               +---------+---------+-------+---------+---------+-------+---------
           D:1 |       0 |      33 |   0.0 |       0 |      18 |   0.0 |   846
           D:2 |       0 |     230 |   0.0 |       0 |      37 |   0.0 |  1172
           D:3 |       0 |     288 |   0.0 |       0 |      34 |   0.0 |  1098
           D:4 |       0 |     440 |   0.0 |       0 |      24 |   0.0 |   916
           D:5 |       0 |     934 |   0.0 |       0 |      17 |   0.0 |  1045
           D:6 |       0 |     457 |   0.0 |       0 |      12 |   0.0 |   684
           D:7 |       0 |     912 |   0.0 |       0 |      21 |   0.0 |  1130
           D:8 |       0 |    1899 |   0.0 |       0 |      28 |   0.0 |  1285
               +---------+---------+-------+---------+---------+-------+---------
